 Dungeon Crawl Stone Soup version 0.30.1-11-g7821555f0a (webtiles) character file.

Game seed: 10765345336736526143

17 RancidPinata the Cudgeller (level 2, -2/18 HPs)
             Began as a Gargoyle Gladiator on Nov 20, 2023.
             Slain by a gnoll
             ... wielding a +0 spear
              (6 damage)
             ... on level 3 of the Dungeon.
             The game lasted 00:01:05 (392 turns).

RancidPinata the Cudgeller (Gargoyle Gladiator)      Turns: 392, Time: 00:01:05

Health: -2/18      AC:  6    Str: 17    XL:     2   Next: 62%
Magic:  2/2        EV: 12    Int:  8    God:
Gold:   0          SH:  0    Dex: 11    Spells: 1/1 levels left

rFire   . . .        a - +0 flail
rCold   . . .        (no shield)
rNeg    + . .        b - +0 leather armour
rPois   ∞            c - +0 helmet
rElec   +            (no cloak)
rCorr   .            (no gloves)
SInv    .            (no boots)
Will    .....        (no amulet)
Stlth   +            (no ring)
HPRegen 0.23/turn    (no ring)
MPRegen 0.08/turn

%: no passive effects
@: no status effects
A: sickness immunity, AC +2, negative energy resistance 1, electricity
resistance, torment resistance 1, petrification resistance
a: no special abilities


You were on level 3 of the Dungeon.
You visited 1 branch of the dungeon, and saw 4 of its levels.

Inventory:

Hand Weapons
 a - a +0 flail (weapon)
Missiles
 d - 3 throwing nets (quivered)
 e - a javelin
Armour
 b - a +0 leather armour (worn)
 c - a +0 helmet (worn)


   Skills:
 * Level 2.7 Fighting
 * Level 3.3 Maces & Flails
 + Level 1.9 Throwing
 + Level 0.6 Armour
 - Level 2.4 Dodging


You had one spell level left.
You didn't know any spells.
Your spell library was empty.

Dungeon Overview and Level Annotations

Branches:
Dungeon (4/15)
 Temple: D:4-7

Altars:

Annotations:
D:4 Pikel


Innate Abilities, Weirdness & Mutations

You are immune to sickness and miasma.
Your stone body is resilient. (AC +2)
You are immune to poison.
You resist negative energy. (rN+)
You are resistant to electric shocks. (rElec)
You are resistant to unholy torment.
You are immune to petrification.


Message History

You closely miss the gnoll. The gnoll hits you but does no damage.
The gnoll hits you with a +0 club.
The gnoll hits you from afar with a +0 spear!
There is a stone staircase leading up here.
The gnoll hits you with a +0 club. The gnoll hits you but does no damage.
You climb upwards.
There is a stone staircase leading down here.
You sock the gnoll!
The gnoll is heavily wounded.
The gnoll misses you.
You barely miss the gnoll.
The gnoll is heavily wounded.
The gnoll hits you with a +0 club.
You hit the gnoll.
You kill the gnoll!
You start resting.
HP restored.
You climb downwards.
There is a stone staircase leading up here.
The gnoll hits you with a +0 spear.
You hit the gnoll.
The gnoll is lightly wounded.
The gnoll hits you with a +0 spear.
You closely miss the gnoll.
The gnoll is lightly wounded.
The gnoll hits you with a +0 spear. The gnoll barely misses you.
You completely miss the gnoll.
The gnoll is lightly wounded.
The gnoll barely misses you.
You hit the gnoll.
The gnoll is lightly wounded.
The gnoll hits you with a +0 spear.
You barely miss the gnoll.
The gnoll is lightly wounded.
The gnoll hits you with a +0 spear.
* * * LOW HITPOINT WARNING * * *
You barely miss the gnoll.
The gnoll is lightly wounded.
The gnoll hits you with a +0 spear.
You die...

..gg #...
#..#
.###.#.g####
...........#
##...#..##.#
........##.#
.#.####.##g#
#.##@#
..##.#
####<# #.#
#.# #.# #.#
##>##
##...##


You could see a gnoll.

Vanquished Creatures
  A gnoll (D:2)
  A ball python (D:2)
  An endoplasm (D:1)
  A giant cockroach (D:1)
  A hobgoblin (D:3)
  A kobold (D:1)
  A rat (D:1)
7 creatures vanquished.

Notes
Turn   | Place    | Note
-------+----------+-------------------------------------------
     0 | D:1      | RancidPinata the Gargoyle Gladiator began the quest for the
                  | Orb.
     0 | D:1      | Reached XP level 1. HP: 12/12 MP: 1/1
   182 | D:4      | Noticed a lemure
   182 | D:4      | Noticed Pikel
   183 | D:4      | Noticed a lemure
   190 | D:3      | Reached XP level 2. HP: 18/18 MP: 2/2
   392 | D:3      | Slain by a gnoll

Illustrated notes

Levels and vault maps discovered:
D:1:      tarquinn_simple_flora_water_c, layout_basic, serial_shops,
          nicolae_shop_tiny_waterfront, serial_park_tiny_pond,
          hangedman_abyss_or_decor_lesser_grid, grunt_decor_arrowhead
D:2:      layout_loops_corners, ebering_ecumenical_altar_mist, basic_altar
D:3:      layout_loops_ring, serial_shops, shop, dk_noncrumbling_3
D:4:      layout_cave_pods, doesnt_xom_only_xom, uniq_natasha, uniq_ijyb,
          uniq_grinder, uniq_blork_the_orc, uniq_pikel, uniq_sigmund

Action                     || total
---------------------------++-------
  Melee: Flail             ||    41
 Armour: Leather armour    ||    15
  Dodge: Dodged            ||    23
